Workbook

Sheet Metadata
A2: Code of the Statistical Indicator | B2: 111307
A3: Name of the Statistical Indicator | B3: Gross Domestic Product by Income Method
A4: Unit of Measurement | B4: million tenge
A5: Abbreviated Title of the Statistical Indicator | B5: GDP by Income Method
A6: History of the Indicator | B6: Since 1990
A7: Definition of the Indicator | B7: Gross domestic product calculated using the income method determines the structure of GDP in terms of primary income: compensation of employees, taxes on production and imports, consumption of fixed capital, profits/mixed income. Gross domestic product calculated using the income method is compiled on the basis of the income generation account. GDP by the income method is equal to the sum of the above-mentioned primary incomes distributed among resident producers.
A8: Data Processing Method | B8: Estimated
A9: Methodology for Calculation | B9: GDP by income is calculated as the sum of compensation of employees, taxes on production and imports, and gross profit/gross mixed income. The indicator is calculated in accordance with the SNA93 methodology.
A10: Source of the Indicator | B10: Statistical data of BNS and administrative data of Government agencies
A11: Notes | B11: GDP by income method according to the 2008 SNA is not calculated by region.
A12: Classifications | B12: https://stat.gov.kz/en/classifiers/statistical/25797/
A13: Methodological Explanations: | B13: https://stat.gov.kz/upload/iblock/51d/mldcp29k20hadxap2yik9j037k0x2x39/20.Methodology%20for%20calculating%20the%20gross%20domestic%20product%20by%20the%20income%20method.docx
A14: Related Publications: | B14: GDP by production method
B15: GDP by income method
B16: GDP by final expenditure method
A17: Useful Links: | B17: https://taldau.stat.gov.kz/en/NewIndex/GetIndex/2709435
A18: Date of Last Update: | B18: 46296
A19: Date of Next Update: | B19: 46407
A20: Responsible Structural Division | B20: Department of national accounts
A21: Responsible Officer | B21: Yermagambetova A.
A22: Telephone Number: | B22: +7 7172 749792
A23: E-mail: | B23: a.ermagambetova@aspire.gov.kz

Sheet Conventions
B6: Conventional designations:
B7: «-» - no case
B8: «0.0» - insignificant value
B9: «X» - data is confidential
B10: «...» - no data available
B12: In some cases, minor discrepancies between the total and the sum of the terms are explained by the rounding of the data.
B18: © Agency for Strategic planning and reforms of the Republic of Kazakhstan Bureau of National statistics

Sheet GDP (1990-1997)
A1: 111307 Gross Domestic Product by Income Method
B3: mln. rubles | E3: mln. tenge
B4: 1990 | C4: 1991 | D4: 1992 | E4: 1993 | F4: 1994 | G4: 1995 | H4: 1996 | I4: 1997
A5: Compensation of employees | B5: =[1]ОКОНХ!$B$25 -> 22171.3 | C5: =[1]ОКОНХ!$C$25 -> 36399.4 | D5: =[1]ОКОНХ!$D$25 -> 478723 | E5: =[1]ОКОНХ!E25 -> 13273.6 | F5: =[1]ОКОНХ!F25 -> 149316.5 | G5: =[1]ОКОНХ!G25 -> 378109.7 | H5: =[1]ОКОНХ!H25 -> 550256.2 | I5: =[1]ОКОНХ!I25 -> 645215.3
A6: Taxes on production and on imports | B6: 2665.7 | C6: 5314.9 | D6: 141091.4 | E6: 2904.9 | F6: 49645.3 | G6: 77177.3 | H6: 107826.5 | I6: 126907.7
A7: Gross operating surplus/gross mixed income | B7: 23033.5 | C7: 44148.8 | D7: 597874.8 | E7: 13244.6 | F7: 224507 | G7: 558903 | H7: 757667 | I7: 900019.5
A8: FISIM | B8: ='[2]ОКОНХ 1990-1997'!B26 -> -416.1 | C8: ='[2]ОКОНХ 1990-1997'!C26 -> -2054.2 | D8: ='[2]ОКОНХ 1990-1997'!D26 -> -63793.1 | E8: ='[2]ОКОНХ 1990-1997'!E26 -> -1933.3 | F8: ='[2]ОКОНХ 1990-1997'!F26 -> -5455.6 | G8: ='[2]ОКОНХ 1990-1997'!G26 -> -6696.1 | H8: ='[2]ОКОНХ 1990-1997'!H26 -> -10696 | I8: ='[2]ОКОНХ 1990-1997'!I26 -> -8041.4
A9: Gross domestic product | B9: 47870.5 | C9: 85863.1 | D9: 1217689.2 | E9: 29423.1 | F9: 423468.8 | G9: 1014190 | H9: 1415749.7 | I9: 1672142.5

Sheet GDP (1998-2009)
A1: 111307 Gross Domestic Product by Income Method
M2: mln. tenge
B3: 1998 | C3: 1999 | D3: 2000 | E3: 2001 | F3: 2002 | G3: 2003 | H3: 2004 | I3: 2005 | J3: 2006 | K3: 2007 | L3: 2008 | M3: 2009
A4: Compensation of employees | B4: 654049.3 | C4: 718624.3 | D4: 931774.6 | E4: 1167110 | F4: 1237247 | G4: 1517919 | H4: 1955071.7 | I4: 2507682.8 | J4: 3228965.6 | K4: 4433689.7 | L4: 5258583.3 | M4: 5765398.7
A5: Taxes on production and on imports | B5: 149693.3 | C5: 167932 | D5: 253989.4 | E5: 320743.6 | F5: 382240.8 | G5: 449687.9 | H5: 538963.7 | I5: 763322.4 | J5: 805518 | K5: 1146145.8 | L5: 1367242 | M5: 1043466.1
A6: Gross operating surplus/gross mixed income | B6: 929520.9 | C6: 1129900 | D6: 1414137.6 | E6: 1762739.7 | F6: 2156789.5 | G6: 2644368.4 | H6: 3376098.9 | I6: 4319588.3 | J6: 6179247.6 | K6: 7269958.5 | L6: 9427093.9 | M6: 10198782
A7: FISIM | B7: -10370.4 | C7: -18660.6 | D7: -23660 | E7: -37339.5 | F7: -55702.8 | G7: ='[2]ОКЭД (ГК РК 03-2003) 1998-2006'!G27 -> -71332.1 | H7: ='[2]ОКЭД (ГК РК 03-2003) 1998-2006'!H27 -> -110000.3 | I7: ='[2]ОКЭД (ГК РК 03-2003) 1998-2006'!I27 -> -165700.7 | J7: ='[2]ОКЭД (ГК РК 03-2003) 1998-2006'!J27 -> -306033.9 | K7: ='[2]2007-2009'!$E$26 -> -613954.8 | L7: -751369.6 | M7: -539681.8
A8: Gross domestic product | B8: 1733263.5 | C8: 2016456.3 | D8: 2599901.6 | E8: 3250593.3 | F8: 3776277.3 | G8: 4611975.3 | H8: 5870134.3 | I8: 7590593.5 | J8: 10213731 | K8: 12849794 | L8: 16052919 | M8: 17007647

Sheet GDP
A1: 111307 Gross Domestic Product by Income Method
BO2: mln. tenge
B3: 1 quarter 2010 year | C3: 1 half-year 2010 year | D3: 9 month 2010 year | E3: 2010 year | F3: 1 quarter 2011 year | G3: 1 half-year 2011 year | H3: 9 month 2011 year | I3: 2011 year | J3: 1 quarter 2012 year | K3: 1 half-year 2012 year | L3: 9 month 2012 year | M3: 2012 year | N3: 1 quarter 2013 year | O3: 1 half-year 2013 year | P3: 9 month 2013 year | Q3: 2013 year | R3: 1 quarter 2014 year | S3: 1 half-year 2014 year | T3: 9 month 2014 year | U3: 2014 year | V3: 1 quarter 2015 year | W3: 1 half-year 2015 year | X3: 9 month 2015 year | Y3: 2015 year | Z3: 1 quarter 2016 year | AA3: 1 half-year 2016 year | AB3: 9 month 2016 year | AC3: 2016 year | AD3: 1 quarter 2017 year | AE3: 1 half-year 2017 year | AF3: 9 month 2017 year | AG3: 2017 year1) | AH3: 1 quarter 2018 year | AI3: 1 half-year 2018 year | AJ3: 9 month 2018 year | AK3: 2018 year1) | AL3: 1 quarter 2019 year | AM3: 1 half-year 2019 year | AN3: 9 month 2019 year | AO3: 2019 year1) | AP3: 1 quarter 2020 year | AQ3: 1 half-year 2020 year | AR3: 9 month 2020 year | AS3: 2020 year1) | AT3: 1 quarter 2021 year | AU3: 1 half-year 2021 year | AV3: 9 month 2021 year | AW3: 2021 year1) | AX3: 1 quarter 2022 year | AY3: 1 half-year 2022 year | AZ3: 9 month 2022 year | BA3: 2022 year1) | BB3: 1 quarter 2023 year | BC3: 1 half-year 2023 year | BD3: 9 month 2023 year | BE3: 2023 year1)2) | BF3: 1 quarter 2024 year | BG3: 1 half-year 2024 year | BH3: 9 month 2024 year | BI3: 2024 year1) | BJ3: 1 quarter 2025 year | BK3: 1 half-year 2025 year | BL3: 9 month 2025 year | BM3: 2025 year3) | BN3: 1 quarter 2026 year | BO3: 1 half-year 2026 year
A4: Compensation of employees | B4: 1209374 | C4: 2794803.3 | D4: 4536583.5 | E4: 7492514.9 | F4: 1469455.6 | G4: 3459657.6 | H4: 5899130.6 | I4: 9225682.3 | J4: 1678728.4 | K4: 3941052.5 | L4: 6550746.6 | M4: 10133606 | N4: 1899960.6 | O4: 4420500.6 | P4: 7444232.7 | Q4: 11060876 | R4: 2100421.7 | S4: 4934483.9 | T4: 8324527.4 | U4: 12474014 | V4: 2311990.2 | W4: 5366571.4 | X4: 8763365.3 | Y4: 13161352 | Z4: 2564439.5 | AA4: 5971146.2 | AB4: 9757063.4 | AC4: 14253990 | AD4: 2770554 | AE4: 6426716.1 | AF4: 10711736 | AG4: 16610443 | AH4: 3141171.8 | AI4: 7395740.7 | AJ4: 11957880 | AK4: 18825518 | AL4: 3509574.9 | AM4: 8321938.5 | AN4: 13315632 | AO4: 21199133 | AP4: 3990912.7 | AQ4: 8944561.4 | AR4: 14149288 | AS4: 22038361 | AT4: 4478112.6 | AU4: 10236473 | AV4: 16378797 | AW4: 26151538 | AX4: 5312839.4 | AY4: 12364295 | AZ4: 19694961 | BA4: 31556469 | BB4: 6539814.7 | BC4: 14916114 | BD4: 23530952 | BE4: 36821377 | BF4: 7452246.9 | BG4: 16882556 | BH4: 26987231 | BI4: 42403123 | BJ4: 8767049.3 | BK4: 19708690 | BL4: 31744354 | BM4: 49384095 | BN4: 9399261.7 | BO4: 22080144
A5: Taxes on production and on imports | B5: 258218 | C5: 558350.7 | D5: 935716.6 | E5: 1451443.6 | F5: 567808.7 | G5: 1305654.7 | H5: 2092955.6 | I5: 2787607 | J5: 634733.6 | K5: 1363897.6 | L5: 2077763.5 | M5: 2814431.3 | N5: 731301.2 | O5: 1627431.7 | P5: 2525698.6 | Q5: 3516534.9 | R5: 824087.9 | S5: 1630290.2 | T5: 2546304.7 | U5: 3481816.8 | V5: 513255.1 | W5: 1063310.5 | X5: 1776251.3 | Y5: 2562782 | Z5: 756121.4 | AA5: 1608794.9 | AB5: 2512819.2 | AC5: 3322271.9 | AD5: 915574.6 | AE5: 1816871.4 | AF5: 2706805.5 | AG5: 3784457 | AH5: 1012397.4 | AI5: 2152990.8 | AJ5: 3449316.5 | AK5: 4726533.6 | AL5: 1236484.1 | AM5: 2581149.8 | AN5: 4048618.5 | AO5: 5572202.8 | AP5: 1186296.6 | AQ5: 2027584.7 | AR5: 3255133.9 | AS5: 5141666.2 | AT5: 1040620.5 | AU5: 2641824.3 | AV5: 4256023.6 | AW5: 6154930.2 | AX5: 2016244.8 | AY5: 4231564.5 | AZ5: 6699449.3 | BA5: 8902814.5 | BB5: 2511442.1 | BC5: 5061232.8 | BD5: 7857490.2 | BE5: 10015856 | BF5: 2402094.5 | BG5: 4767951.6 | BH5: 7680567 | BI5: 9870106.3 | BJ5: 2683644.9 | BK5: 5645059.4 | BL5: 8950953.2 | BM5: 11314498 | BN5: 3343768.9 | BO5: 7019109.9
A6: Gross operating surplus/gross mixed income | B6: 2553286.4 | C6: 5358989.9 | D6: 8662928 | E6: 12871558 | F6: 3202959.2 | G6: 6474718.6 | H6: 10672853 | I6: 16229763 | J6: 3784267.9 | K6: 7544051.5 | L6: 12220222 | M6: 18067149 | N6: 4335673.2 | O6: 8452059.9 | P6: 13798062 | Q6: 21421614 | R6: 5009317.9 | S6: 9918178.1 | T6: 16170155 | U6: 23720002 | V6: 5442272.4 | W6: 10374536 | X6: 16896920 | Y6: 25159999 | Z6: 5988530 | AA6: 11777116 | AB6: 19085244 | AC6: 29394889 | AD6: 6745229.4 | AE6: 13302682 | AF6: 21723524 | AG6: 33983958 | AH6: 7632597.5 | AI6: 15308388 | AJ6: 24359909 | AK6: 38267484 | AL6: 8434798.2 | AM6: 17005530 | AN6: 26933662 | AO6: 42761290 | AP6: 9916133.1 | AQ6: 17427447 | AR6: 28398833 | AS6: 43469006 | AT6: 10419938 | AU6: 19387139 | AV6: 32394545 | AW6: 51645120 | AX6: 12366509 | AY6: 23438473 | AZ6: 39093387 | BA6: 63306235 | BB6: 14531380 | BC6: 27267325 | BD6: 44158379 | BE6: 72605057 | BF6: 16169562 | BG6: 30692232 | BH6: 50294828 | BI6: 84420089 | BJ6: 19016640 | BK6: 36018072 | BL6: 59029592 | BM6: 98909960 | BN6: 21359328 | BO6: 42116128
A7: FISIM | B7: -69194.1 | C7: -196113.2 | D7: -314041.3 | E7: -466859.4
A8: Gross domestic product | B8: 4020878.4 | C8: 8712143.9 | D8: 14135228 | E8: 21815517 | F8: 5240223.5 | G8: 11240031 | H8: 18664940 | I8: 28243053 | J8: 6097729.9 | K8: 12849002 | L8: 20848733 | M8: 31015187 | N8: 6966935 | O8: 14499992 | P8: 23767993 | Q8: 35999025 | R8: 7933827.5 | S8: 16482952 | T8: 27040987 | U8: 39675833 | V8: 8267517.7 | W8: 16804418 | X8: 27436537 | Y8: 40884134 | Z8: 9309090.9 | AA8: 19357057 | AB8: 31355126 | AC8: 46971150 | AD8: 10431358 | AE8: 21546270 | AF8: 35142065 | AG8: 54378858 | AH8: 11786167 | AI8: 24857119 | AJ8: 39767106 | AK8: 61819536 | AL8: 13180857 | AM8: 27908618 | AN8: 44297912 | AO8: 69532626 | AP8: 15093342 | AQ8: 28399593 | AR8: 45803255 | AS8: 70649033 | AT8: 15938672 | AU8: 32265436 | AV8: 53029366 | AW8: 83951588 | AX8: 19695593 | AY8: 40034333 | AZ8: 65487798 | BA8: 1.0376552e+08 | BB8: 23582637 | BC8: 47244672 | BD8: 75546820 | BE8: 1.1944229e+08 | BF8: 26023904 | BG8: 52342740 | BH8: 84962626 | BI8: 1.3669332e+08 | BJ8: 30467334 | BK8: 61371822 | BL8: 99724898 | BM8: =BM4+BM5+BM6 -> 1.5960855e+08 | BN8: =BN4+BN5+BN6 -> 34102358 | BO8: =BO4+BO5+BO6 -> 71215382
A10: 1) The calculations were made in accordance with the new Methodology for assessing the non-observed economy registered in the Ministry of Justice of the Republic of Kazakhstan No.19215 of 08.08.2019.
A11: 2) Data for 2023 have been republished due to revisions to sectoral indicators for transport and agriculture, as well as methodological clarifications for reports from the insurance sector and the general government sector.
A12: 3) The data 2025 are calculated taking into account the changes to the methodology for the assessment of the Non-Observed Economy dated August 21, 2025 and the methodology for the assessment of the Volume of Illegal Activities dated August 29, 2025.

Sheet structure
A1: GDP structure by income method
BW2: in percentages
B3: 1 quarter 2008 year | C3: 1 half-year 2008 year | D3: 9 month 2008 year | E3: 2008 year | F3: 1 quarter 2009 year | G3: 1 half-year 2009 year | H3: 9 month 2009 year | I3: 2009 year | J3: 1 quarter 2010 year | K3: 1 half-year 2010 year | L3: 9 month 2010 year | M3: 2010 year | N3: 1 quarter 2011 year | O3: 1 half-year 2011 year | P3: 9 month 2011 year | Q3: 2011 year | R3: 1 quarter 2012 year | S3: 1 half-year 2012 year | T3: 9 month 2012 year | U3: 2012 year | V3: 1 quarter 2013 year | W3: 1 half-year 2013 year | X3: 9 month 2013 year | Y3: 2013 year | Z3: 1 quarter 2014 year | AA3: 1 half-year 2014 year | AB3: 9 month 2014 year | AC3: 2014 year | AD3: 1 quarter 2015 year | AE3: 1 half-year 2015 year | AF3: 9 month 2015 year | AG3: 2015 year | AH3: 1 quarter 2016 year | AI3: 1 half-year 2016 year | AJ3: 9 month 2016 year | AK3: 2016 year | AL3: 1 quarter 2017 year | AM3: 1 half-year 2017 year | AN3: 9 month 2017 year | AO3: 2017 year1) | AP3: 1 quarter 2018 year | AQ3: 1 half-year 2018 year | AR3: 9 month 2018 year | AS3: 2018 year1) | AT3: 1 quarter 2019 year | AU3: 1 half-year 2019 year | AV3: 9 month 2019 year | AW3: 2019 year1) | AX3: 1 quarter 2020 year | AY3: 1 half-year 2020 year | AZ3: 9 month 2020 year | BA3: 2020 year1) | BB3: 1 quarter 2021 year | BC3: 1 half-year 2021 year | BD3: 9 month 2021 year | BE3: 2021 year1) | BF3: 1 quarter 2022 year | BG3: 1 half-year 2022 year | BH3: 9 month 2022 year | BI3: 2022 year1) | BJ3: 1 quarter 2023 year | BK3: 1 half-year 2023 year | BL3: 9 month 2023 year | BM3: 2023 year1)2) | BN3: 1 quarter 2024 year | BO3: 1 half-year 2024 year | BP3: 9 month 2024 year | BQ3: 2024 year1) | BR3: 1 quarter 2025 year | BS3: 1 half-year 2025 year | BT3: 9 month 2025 year | BU3: 2025 year3) | BV3: 1 quarter 2026 year | BW3: 1 half-year 2026 year
A4: Compensation of employees | B4: 30.60555 | C4: 31.576646 | D4: 31.099401 | E4: 32.757801 | F4: 36.927895 | G4: 36.662333 | H4: 35.667681 | I4: 33.898861 | J4: 30.077358 | K4: 32.079398 | L4: 32.094165 | M4: 34.344888 | N4: 28 | O4: 30.8 | P4: 31.6 | Q4: 32.665316 | R4: 27.5 | S4: 30.7 | T4: 31.4 | U4: 32.673045 | V4: 27.3 | W4: 30.5 | X4: 31.3 | Y4: 30.725487 | Z4: 26.5 | AA4: 29.9 | AB4: 30.8 | AC4: 31.439828 | AD4: 28 | AE4: 31.9 | AF4: 31.9 | AG4: 32.191834 | AH4: 27.5 | AI4: 30.8 | AJ4: 31.1 | AK4: 30.346265 | AL4: 26.6 | AM4: 29.8 | AN4: 30.5 | AO4: 30.545775 | AP4: 26.7 | AQ4: 29.8 | AR4: 30.1 | AS4: 30.452377 | AT4: 26.6 | AU4: 29.8 | AV4: 30.1 | AW4: 30.488037 | AX4: 26.4 | AY4: 31.5 | AZ4: 30.9 | BA4: 31.194144 | BB4: 28.1 | BC4: 31.7 | BD4: 30.9 | BE4: 31.2 | BF4: 27 | BG4: 30.9 | BH4: 30.1 | BI4: 30.4 | BJ4: 27.7 | BK4: 31.6 | BL4: 31.1 | BM4: 30.8 | BN4: 28.6 | BO4: 32.3 | BP4: 31.8 | BQ4: 31 | BR4: 28.8 | BS4: 32.1 | BT4: 31.8 | BU4: 30.9 | BV4: 27.6 | BW4: 31
A5: Taxes on production and on imports | B5: 7.1626378 | C5: 7.3051073 | D5: 8.2194531 | E5: 8.5170926 | F5: 6.6771485 | G5: 7.1820691 | H5: 7.1193321 | I5: 6.1352761 | J5: 6.4219301 | K5: 6.4088783 | L5: 6.6197489 | M5: 6.6532624 | N5: 10.8 | O5: 11.6 | P5: 11.2 | Q5: 9.8700627 | R5: 10.4 | S5: 10.6 | T5: 10 | U5: 9.0743652 | V5: 10.5 | W5: 11.2 | X5: 10.6 | Y5: 9.768417 | Z5: 10.4 | AA5: 9.9 | AB5: 9.4 | AC5: 8.7756615 | AD5: 6.2 | AE5: 6.3 | AF5: 6.5 | AG5: 6.2684024 | AH5: 8.1 | AI5: 8.3 | AJ5: 8 | AK5: 7.0730052 | AL5: 8.8 | AM5: 8.4 | AN5: 7.7 | AO5: 6.9594272 | AP5: 8.6 | AQ5: 8.7 | AR5: 8.7 | AS5: 7.6456956 | AT5: 9.4 | AU5: 9.2 | AV5: 9.1 | AW5: 8.0137959 | AX5: 7.9 | AY5: 7.1 | AZ5: 7.1 | BA5: 7.2777588 | BB5: 6.5 | BC5: 8.2 | BD5: 8 | BE5: 7.3 | BF5: 10.2 | BG5: 10.6 | BH5: 10.2 | BI5: 8.6 | BJ5: 10.6 | BK5: 10.7 | BL5: 10.4 | BM5: 8.4 | BN5: 9.2 | BO5: 9.1 | BP5: 9 | BQ5: 7.3 | BR5: 8.8 | BS5: 9.2 | BT5: 9 | BU5: 7.1 | BV5: 9.8 | BW5: 9.9
A6: Gross operating surplus/gross mixed income | B6: 62.231812 | C6: 61.118247 | D6: 60.681145 | E6: 58.725107 | F6: 56.394957 | G6: 56.155598 | H6: 57.212987 | I6: 59.965862 | J6: 63.500712 | K6: 61.511724 | L6: 61.286086 | M6: 59.001849 | N6: 61.2 | O6: 57.6 | P6: 57.2 | Q6: 57.464622 | R6: 62.1 | S6: 58.7 | T6: 58.6 | U6: 58.252589 | V6: 62.2 | W6: 58.3 | X6: 58.1 | Y6: 59.506096 | Z6: 63.1 | AA6: 60.2 | AB6: 59.8 | AC6: 59.784511 | AD6: 65.8 | AE6: 61.8 | AF6: 61.6 | AG6: 61.539764 | AH6: 64.4 | AI6: 60.9 | AJ6: 60.9 | AK6: 62.58073 | AL6: 64.6 | AM6: 61.8 | AN6: 61.8 | AO6: 62.494798 | AP6: 64.7 | AQ6: 61.5 | AR6: 61.2 | AS6: 61.901927 | AT6: 64 | AU6: 61 | AV6: 60.8 | AW6: 61.498167 | AX6: 65.7 | AY6: 61.4 | AZ6: 62 | BA6: 61.528097 | BB6: 65.4 | BC6: 60.1 | BD6: 61.1 | BE6: 61.5 | BF6: 62.8 | BG6: 58.5 | BH6: 59.7 | BI6: 61 | BJ6: 61.7 | BK6: 57.7 | BL6: 58.5 | BM6: 60.8 | BN6: 62.2 | BO6: 58.6 | BP6: 59.2 | BQ6: 61.7 | BR6: 62.4 | BS6: 58.7 | BT6: 59.2 | BU6: 62 | BV6: 62.6 | BW6: 59.1
A7: Gross domestic product | B7: 100 | C7: 100 | D7: 100 | E7: 100 | F7: 100 | G7: 100 | H7: 100 | I7: 100 | J7: 100 | K7: 100 | L7: 100 | M7: 100 | N7: 100 | O7: 100 | P7: 100 | Q7: 100 | R7: 100 | S7: 100 | T7: 100 | U7: 100 | V7: 100 | W7: 100 | X7: 100 | Y7: 100 | Z7: 100 | AA7: 100 | AB7: 100 | AC7: 100 | AD7: 100 | AE7: 100 | AF7: 100 | AG7: 100 | AH7: 100 | AI7: 100 | AJ7: 100 | AK7: 100 | AL7: 100 | AM7: 100 | AN7: 100 | AO7: 100 | AP7: 100 | AQ7: 100 | AR7: 100 | AS7: 100 | AT7: 100 | AU7: 100 | AV7: 100 | AW7: 100 | AX7: 100 | AY7: 100 | AZ7: 100 | BA7: 100 | BB7: 100 | BC7: 100 | BD7: 100 | BE7: 100 | BF7: 100 | BG7: 100 | BH7: 100 | BI7: 100 | BJ7: 100 | BK7: 100 | BL7: 100 | BM7: 100 | BN7: 100 | BO7: 100 | BP7: 100 | BQ7: 100 | BR7: 100 | BS7: 100 | BT7: 100 | BU7: =BU4+BU5+BU6 -> 100 | BV7: =BV4+BV5+BV6 -> 100 | BW7: =BW4+BW5+BW6 -> 100
A9: 1) The calculations were made in accordance with the new Methodology for assessing the non-observed economy registered in the Ministry of Justice of the Republic of Kazakhstan No.19215 of 08.08.2019.
A10: 2) Data for 2023 have been republished due to revisions to sectoral indicators for transport and agriculture, as well as methodological clarifications for reports from the insurance sector and the general government sector.
A11: 3) The data for 2025 are calculated taking into account the changes to the methodology for the assessment of the Non-Observed Economy dated August 21, 2025 and the methodology for the assessment of the Volume of Illegal Activities dated August 29, 2025.
